Map: Howling Peak

Players

meowmeowcute

  • Race: Zerg Zerg
  • Spawn Location: 7:00

A.I. 1 (Hard) - Winner!

  • Race: Zerg Zerg
  • Spawn Location: 1:00

VOD

Have the link to the VOD?

Description

Time

  • Played on: Dec. 23, 2017, 3:27 p.m.
  • Length: 27:25
Show
View Real Time Build Order
Export as new Build Order

meowmeowcute Zerg 

Build Orders: Pool First 

Get SALT Encoding   

  12  0:09  Overlord  
  12  0:14  Drone  
  13  0:36  Spawning Pool  
  12  0:44  Evolution Chamber  
  11  0:50  Drone  
  11  0:51  Drone  
  11  0:52  Drone  
  14  1:15  Drone  
  15  1:29  Queen  
  15  1:30  Roach Warren  
  16  1:37  Extractor  
  16  1:38  Drone x3  
  18  1:42  Extractor  
  17  2:04  Queen  
  19  2:10  Drone  
  19  2:11  Spine Crawler, Drone x2  
  21  2:29  Drone  
  22  2:34  Overlord  
  22  3:02  Drone x3  
  22  3:03  Drone  
  26  3:06  Lair  
  26  3:17  Baneling Nest  
  25  3:23  Drone  
  26  3:32  Drone x4  
  30  3:44  Overlord  
  30  4:03  Spine Crawler  
  30  4:07  Spine Crawler  
  30  4:09  Roach x2  
  34  4:10  Roach x2  
  36  4:24  Infestation Pit  
  35  4:37  Spire  
  34  4:43  Roach  
  36  4:46  Overlord x2  
  36  4:59  Roach  
  38  5:05  Glial Reconstitution  
  38  5:08  Zerg Ground Armor Level 1  
  38  5:26  Roach x3  
  44  5:32  Drone x2  
  46  5:37  Overlord  
  46  5:54  Hive  
  46  6:32  Hatchery, Mutalisk x2  
  45  6:35  Zergling x2  
  45  6:36  Zergling x4, Extractor  
  51  6:55  Drone  
  41  7:27  Mutalisk x3  
  37  7:47  Mutalisk  
  39  8:06  Extractor  
  39  8:07  Drone x3  
  39  8:09  Queen  
  43  8:24  Zerg Missile Weapons Level 1  
  43  8:44  Drone x3  
  46  8:52  Hatchery  
  45  9:10  Drone x2  
  47  9:19  Mutalisk  
  47  9:20  Mutalisk x2  
  47  9:21  Corruptor x2  
  47  9:22  Overlord  
  57  9:24  Overlord x2  
  57  9:26  Zergling x2  
  58  9:35  Drone x2  
  58  9:36  Drone x2  
  62  9:46  Zerg Flyer Armor Level 1  
  62  9:53  Drone  
  62  9:59  Roach  
  67  10:00  Roach  
  67  10:15  Drone  
  67  10:16  Queen  
  70  10:28  Mutalisk x4  
  78  10:37  Infestation Pit  
  78  10:42  Drone  
  78  10:43  Drone  
  78  10:44  Drone  
  80  11:03  Pneumatized Carapace  
  80  11:08  Mutalisk x3  
  80  11:09  Mutalisk  
  80  11:10  Overlord  
  88  11:30  Drone x3  
  82  11:52  Queen  
  82  11:53  Drone  
  86  11:54  Drone  
  86  11:55  Drone x2  
  88  12:07  Extractor  
  87  12:11  Extractor  
  86  12:17  Drone x2  
  86  12:18  Drone  
  89  12:27  Roach x3  
  89  12:28  Roach  
  89  12:29  Roach x2  
  101  12:50  Drone x3  
  104  12:58  Spine Crawler  
  79  13:23  Drone x2  
  79  13:24  Drone x3  
  72  13:34  Mutalisk x5  
  72  13:39  Mutalisk  
  72  13:40  Mutalisk x5  
  94  13:50  Greater Spire  
  94  14:06  Spore Crawler  
  93  14:10  Spine Crawler  
  93  14:14  Ultralisk Cavern  
  93  14:17  Drone x2  
  92  14:18  Drone  
  92  14:19  Overlord  
  92  14:22  Corruptor x2  
  98  14:38  Drone  
  99  15:02  Ultralisk  
  99  15:03  Ultralisk  
  99  15:05  Overlord  
  99  15:06  Overlord  
  111  15:07  Overlord  
  111  15:10  Zerg Flyer Armor Level 2  
  111  15:12  Tunneling Claws  
  111  15:24  Drone x4  
  111  15:25  Drone  
  104  15:36  Zerg Ground Armor Level 2  
  98  16:02  Ultralisk  
  98  16:03  Ultralisk x2  
  116  16:06  Roach  
  116  16:07  Roach  
  120  16:17  Roach x6  
  120  16:18  Roach x2  
  136  16:21  Zergling x4  
  136  16:24  Overlord  
  136  16:25  Overlord x4  
  138  16:26  Overlord  
  138  16:51  Brood Lord x2  
  142  16:57  Ultralisk  
  142  16:59  Mutalisk  
  150  17:02  Zergling x6  
  153  17:26  Zerg Flyer Weapons Level 1  
  148  17:43  Ultralisk x2  
  139  18:11  Mutalisk x4  
  103  18:44  Mutalisk x2  
  103  18:45  Mutalisk  
  103  18:46  Hatchery  
  103  18:48  Overseer  
  71  19:26  Ultralisk  
  71  19:27  Ultralisk  
  83  19:52  Mutalisk  
  83  19:53  Mutalisk x2  
  83  19:55  Extractor  
  83  19:58  Zergling x12, Extractor  
  76  21:11  Spore Crawler  
  74  21:19  Spore Crawler  
  74  21:20  Spore Crawler  
  74  21:24  Spore Crawler x2  
  70  21:26  Spore Crawler  
  70  21:30  Queen  
  70  21:32  Mutalisk x3  
  75  21:33  Spine Crawler  
  75  21:34  Spine Crawler  
  75  21:36  Spine Crawler  
  74  21:42  Mutalisk  
  74  21:43  Mutalisk x6  
  74  21:44  Mutalisk x2  
  92  21:56  Mutalisk x2  
  96  22:26  Ultralisk Cavern  
  90  23:06  Mutalisk x5  
  98  23:18  Zergling x4  
  98  23:19  Zergling x12  
  107  23:20  Zergling x6  
  71  23:47  Corruptor  
  71  23:48  Corruptor  
  75  24:28  Baneling  
  75  24:29  Baneling x6  
  75  24:30  Baneling x5  
  75  24:35  Hatchery  
  74  24:42  Zergling x2  
  74  24:43  Zergling x10  
  74  24:44  Zergling x10  
  74  24:45  Zergling x8  
  89  24:53  Extractor  
  89  24:55  Extractor  
  89  24:59  Zergling x14  
  94  25:00  Zergling x4  
  96  25:24  Baneling x5  
  96  25:25  Baneling x5  
  96  25:46  Mutalisk  
  96  25:47  Zergling x8  
  96  25:48  Zergling x4  
  104  25:52  Queen  
  104  25:54  Drone  
  107  26:07  Mutalisk x2  
  111  26:12  Roach  
  111  26:13  Roach  
  111  26:16  Roach  
  117  26:53  Drone x3  
Show
View Real Time Build Order
Export as new Build Order

A.I. 1 (Hard) Zerg - Winner!

Build Orders: Pool First 

Get SALT Encoding   

  12  0:01  Drone  
  13  0:12  Overlord  
  13  0:17  Drone  
  14  0:30  Drone  
  14  0:32  Drone  
  16  0:45  Spawning Pool  
  16  0:46  Drone  
  16  0:50  Drone  
  16  0:53  Extractor  
  16  0:56  Drone  
  17  1:06  Overlord  
  17  1:31  Queen  
  17  1:32  Zergling x2  
  20  1:38  Drone  
  20  1:39  Roach Warren  
  20  1:41  Extractor  
  20  1:43  Zergling x2  
  20  1:49  Drone  
  21  2:00  Drone  
  22  2:10  Overlord  
  22  2:21  Drone  
  23  2:32  Roach  
  25  2:38  Drone  
  25  2:41  Overlord  
  25  2:43  Roach  
  28  2:55  Roach  
  30  3:06  Roach  
  32  3:13  Overlord  
  32  3:18  Roach  
  34  3:29  Roach  
  36  3:40  Roach  
  38  3:43  Overlord  
  38  3:48  Drone  
  39  3:51  Drone  
  39  3:52  Roach  
  42  3:58  Drone  
  43  4:08  Baneling Nest  
  43  4:09  Drone  
  43  4:13  Roach, Drone  
  43  4:15  Drone  
  47  4:21  Drone  
  48  4:26  Evolution Chamber  
  47  4:32  Drone  
  48  4:43  Roach  
  50  4:54  Roach  
  52  5:06  Roach  
  54  6:36  Lair, Overlord, Zerg Melee Weapons Level 1  
  54  6:39  Evolution Chamber  
  53  6:40  Spore Crawler  
  53  6:42  Spore Crawler, Drone  
  53  6:46  Hatchery, Drone  
  53  6:54  Drone  
  53  6:55  Overlord  
  53  7:04  Zerg Missile Weapons Level 1  
  53  7:06  Spine Crawler  
  53  7:07  Zergling x2  
  51  7:15  Spine Crawler  
  46  7:19  Roach  
  44  7:28  Roach  
  40  7:33  Burrow, Overseer x2  
  40  7:37  Roach, Hydralisk Den  
  37  7:41  Infestation Pit  
  37  7:43  Drone  
  37  7:45  Spire  
  37  7:47  Roach, Drone  
  39  7:56  Roach  
  39  7:57  Queen  
  39  7:58  Drone  
  44  8:01  Drone  
  44  8:03  Drone  
  44  8:04  Drone  
  49  8:05  Roach  
  49  8:06  Drone  
  49  8:11  Drone  
  51  8:15  Roach, Drone  
  51  8:18  Drone  
  55  8:21  Drone  
  56  8:27  Hydralisk, Drone  
  56  8:28  Drone  
  56  8:30  Zerg Ground Armor Level 1, Drone  
  61  8:38  Drone  
  61  8:40  Drone  
  63  8:48  Drone  
  63  8:51  Drone  
  63  8:55  Spore Crawler  
  64  8:58  Spore Crawler  
  64  8:59  Hydralisk, Drone  
  64  9:00  Drone  
  64  9:02  Drone  
  68  9:03  Drone  
  68  9:05  Drone  
  68  9:07  Drone  
  68  9:08  Hydralisk  
  73  9:10  Overlord  
  73  9:16  Queen  
  75  9:17  Hydralisk  
  75  9:21  Spine Crawler  
  76  9:26  Spine Crawler  
  75  10:05  Extractor  
  74  10:09  Extractor, Drone  
  74  10:27  Drone  
  76  10:28  Drone  
  76  10:31  Drone  
  76  10:33  Drone  
  76  10:34  Drone  
  79  11:13  Mutalisk, Pneumatized Carapace  
  79  11:14  Overseer, Overlord x2  
  81  11:22  Hatchery, Mutalisk  
  82  11:30  Mutalisk  
  82  11:31  Roach  
  84  11:33  Overlord  
  84  11:39  Mutalisk  
  84  11:41  Overseer  
  73  11:47  Mutalisk  
  65  11:56  Hive, Corruptor  
  61  12:05  Mutalisk  
  63  12:12  Zerg Flyer Weapons Level 1  
  63  12:13  Mutalisk  
  65  12:22  Mutalisk  
  57  12:30  Mutalisk  
  57  12:33  Queen, Drone  
  57  12:35  Drone  
  57  12:36  Spore Crawler, Drone  
  63  12:38  Drone  
  63  12:39  Spore Crawler, Mutalisk, Drone  
  63  12:41  Drone  
  63  12:42  Drone  
  63  12:43  Spore Crawler  
  63  12:44  Drone  
  68  12:45  Drone  
  68  12:47  Drone  
  68  12:48  Drone, Corruptor  
  68  12:49  Drone  
  68  12:51  Drone  
  75  12:52  Drone  
  75  12:54  Drone x2  
  75  12:55  Drone  
  75  12:56  Mutalisk  
  75  12:57  Drone  
  72  12:58  Drone  
  72  13:02  Drone  
  72  13:05  Mutalisk  
  74  13:06  Drone  
  74  13:07  Viper, Drone  
  74  13:09  Drone  
  74  13:11  Drone  
  74  13:12  Hatchery  
  77  13:13  Drone x8  
  77  13:14  Mutalisk, Drone x3  
  77  13:19  Extractor  
  74  13:22  Mutalisk  
  74  13:23  Drone  
  74  13:25  Drone  
  75  13:28  Drone  
  75  13:29  Extractor  
  75  13:30  Drone  
  75  13:31  Mutalisk  
  75  13:32  Drone  
  79  13:39  Mutalisk  
  81  13:48  Mutalisk  
  81  13:50  Queen  
  81  13:54  Viper  
  81  13:55  Overlord  
  88  13:56  Mutalisk  
  90  14:05  Mutalisk  
  90  14:09  Zerg Flyer Armor Level 1  
  92  14:14  Mutalisk  
  94  14:22  Corruptor  
  96  14:25  Queen  
  96  14:27  Spine Crawler  
  96  14:28  Spine Crawler, Drone  
  96  14:29  Drone  
  96  14:31  Spine Crawler  
  97  14:32  Drone  
  98  14:58  Ultralisk Cavern  
  98  14:59  Drone  
  98  15:12  Zergling x2  
  82  15:48  Infestor  
  81  15:57  Hatchery  
  81  16:03  Greater Spire  
  80  16:10  Corruptor  
  82  16:17  Infestor  
  84  16:29  Zerg Melee Weapons Level 2  
  84  16:51  Zerg Ground Armor Level 2  
  84  17:11  Queen, Drone  
  84  17:15  Brood Lord, Corruptor  
  91  17:23  Brood Lord x2, Corruptor  
  91  17:26  Extractor  
  91  17:27  Drone  
  91  17:28  Spore Crawler  
  96  17:30  Drone  
  96  17:31  Spore Crawler, Zergling x2  
  96  17:32  Drone  
  96  17:35  Extractor  
  96  17:36  Queen  
  96  17:37  Zergling x2, Drone  
  93  17:38  Drone  
  93  17:41  Roach, Overlord  
  93  17:42  Spine Crawler  
  93  17:44  Zergling x2, Spine Crawler, Drone  
  96  17:45  Drone  
  96  17:46  Spine Crawler  
  96  17:48  Roach, Drone  
  96  17:49  Spine Crawler, Drone  
  96  17:51  Drone  
  92  17:52  Zergling x2, Spine Crawler  
  92  17:53  Drone  
  92  17:54  Drone  
  92  17:55  Spore Crawler, Mutalisk  
  92  17:56  Drone  
  92  17:57  Spore Crawler  
  92  17:58  Drone  
  86  17:59  Roach  
  86  18:00  Drone  
  86  18:01  Drone x2  
  86  18:02  Spore Crawler  
  86  18:03  Zergling x2, Drone  
  86  18:04  Drone  
  89  18:06  Drone  
  89  18:07  Drone  
  89  18:09  Corruptor, Drone  
  89  18:10  Drone  
  89  18:11  Roach, Drone  
  89  18:12  Drone  
  95  18:13  Drone  
  95  18:15  Drone x11  
  95  18:16  Drone  
  95  18:17  Infestor  
  95  18:18  Drone  
  95  18:19  Drone  
  96  18:20  Drone  
  96  18:22  Drone  
  96  18:23  Drone  
  96  18:24  Infestor  
  96  18:25  Drone  
  96  18:26  Drone  
  100  18:29  Drone  
  100  18:30  Drone  
  100  18:32  Zergling x2  
  101  18:35  Pathogen Glands  
  101  18:45  Zerg Missile Weapons Level 2, Drone  
  99  18:49  Hydralisk, Overlord  
  99  18:54  Roach  
  99  18:58  Drone  
  99  18:59  Roach  
  99  19:02  Hatchery  
  96  19:04  Roach  
  96  19:09  Roach  
  97  19:14  Roach  
  99  19:19  Hydralisk  
  99  19:23  Viper  
  104  19:24  Hydralisk  
  104  19:29  Overlord  
  104  19:30  Roach  
  108  19:35  Roach  
  110  19:40  Roach  
  110  19:45  Roach  
  114  19:47  Overlord, Drone  
  114  19:49  Drone  
  114  19:50  Roach, Drone  
  114  19:52  Drone  
  120  19:53  Drone  
  120  19:54  Hydralisk  
  120  19:55  Viper, Drone  
  120  19:59  Hydralisk  
  125  20:04  Hydralisk  
  125  20:06  Overlord, Glial Reconstitution  
  125  20:07  Spine Crawler  
  125  20:09  Drone  
  125  20:10  Infestor  
  125  20:15  Infestor, Spine Crawler  
  125  20:16  Drone  
  127  20:22  Neural Parasite  
  127  20:24  Spine Crawler  
  127  20:25  Drone  
  127  20:27  Spine Crawler  
  124  20:28  Drone  
  124  20:33  Queen  
  127  20:37  Queen  
  127  20:39  Zerg Melee Weapons Level 3  
  127  20:42  Queen  
  129  21:01  Zerg Ground Armor Level 3  
  125  21:19  Corruptor  
  123  21:44  Tunneling Claws  
  123  21:55  Brood Lord, Corruptor  
  127  22:06  Zerg Flyer Weapons Level 2  
  127  22:25  Hatchery  
  127  22:26  Drone  
  127  22:31  Brood Lord  
  129  22:47  Drone x7  
  129  22:48  Queen  
  129  22:49  Drone x2  
  126  22:53  Drone  
  126  22:55  Drone  
  126  22:59  Drone  
  126  23:01  Drone  
  126  23:02  Drone  
  126  23:04  Drone  
  126  23:05  Drone  
  111  23:06  Drone  
  111  23:08  Ultralisk Cavern, Drone  
  111  23:09  Drone  
  111  23:11  Drone  
  111  23:12  Drone  
  115  23:14  Drone  
  115  23:15  Drone  
  115  23:16  Zerg Missile Weapons Level 3  
  115  23:17  Infestor, Drone  
  115  23:18  Drone  
  121  23:20  Drone  
  121  23:21  Drone  
  121  23:22  Roach  
  121  23:23  Drone  
  121  23:24  Drone  
  121  23:27  Roach  
  124  23:31  Roach  
  118  23:35  Zergling x2  
  118  23:37  Drone  
  118  23:39  Infestor, Drone  
  118  23:40  Drone  
  124  23:42  Drone  
  124  23:43  Infestor, Drone  
  124  23:45  Drone  
  124  23:48  Infestor  
  131  23:51  Extractor  
  131  23:53  Drone  
  131  23:59  Infestor  
  133  24:04  Infestor  
  133  24:06  Overlord  
  133  24:07  Hatchery  
  133  24:08  Infestor, Drone  
  133  24:09  Spore Crawler  
  136  24:10  Drone  
  136  24:11  Spore Crawler, Drone  
  136  24:12  Infestor, Extractor  
  136  24:13  Drone  
  136  24:17  Infestor  
  141  24:29  Extractor, Zerg Flyer Weapons Level 3  
  141  24:31  Drone  
  141  24:35  Spine Crawler  
  141  24:36  Drone  
  141  24:37  Spine Crawler  
  140  24:38  Drone  
  141  25:19  Queen  
  141  25:20  Spire  
  142  25:22  Drone  
  143  25:35  Spore Crawler  
  142  25:36  Drone  
  142  25:37  Spore Crawler  
  142  25:38  Drone  
  143  26:02  Spine Crawler  
  143  26:03  Drone  
  143  26:05  Spine Crawler, Drone  
Tags
 
Matchup
ZvZ
Race
Zerg
Spawn Locations
Cross Positions
Add a new tag
Caveats
  • Supply blocks, unpowered buildings, or Contaminate may cause inaccurate times.
  • Supply counts are checked every 10 seconds.